[Event "Titled Tuesday Blitz February 14 Early 2023"]
[White "Weisz, Bryan"]
[Black "Ricaurte Lopez, Juan Carlos"]
[WhiteFideId "30934133"]
[BlackFideId "3600327"]
[WhiteElo "1973"]
[BlackElo "2226"]
[Result "1-0"]
[Round "07"]
[TimeControl "180+2"]
[Date "2023.02.15"]
[WhiteClock "0:01:12"]
[BlackClock "0:00:19"]

1. e3 e5 2. Ke2 d5 3. Kf3 Nc6 4. Ke2 f5 5. Ke1 Nf6 6. Qe2 Bc5 7. Qd3 O-O 8. Qc3 Qd6 9. Qb3 a5 10. Qa4 b5 11. Bxb5 Nb4 12. c3 Na6 13. d4 exd4 14. cxd4 Bb6 15. Nf3 c6 16. Bxc6 Rb8 17. Nc3 Nb4 18. Bb5 Bc7 19. a3 Na6 20. Ne5 Ne4 21. Nxd5 Nac5 22. Qc4 Rxb5 23. Nf6+ Kh8 24. Qg8+ 1-0


[Site "https://www.chess.com"]

[Event "Titled Tuesday Blitz February 14 Early 2023"]
[White "Fernandez Siles, Luis"]
[Black "Mohammadian, Mohammad"]
[WhiteFideId "2209420"]
[BlackFideId "12566055"]
[WhiteElo "2218"]
[BlackElo "1398"]
[Result "1-0"]
[Round "07"]
[TimeControl "180+2"]
[Date "2023.02.15"]
[WhiteClock "0:01:38"]
[BlackClock "0:00:42"]

1. d4 Nf6 2. Bg5 g6 3. Bxf6 exf6 4. c4 Bg7 5. Nc3 f5 6. e3 O-O 7. g3 Re8 8. Nge2 c6 9. Bg2 a5 10. O-O b6 11. a3 Bb7 12. b4 axb4 13. axb4 Rxa1 14. Qxa1 d5 15. cxd5 cxd5 16. Nf4 Nc6 17. Nfxd5 Qd6 18. Qb2 Ba6 19. b5 Nxd4 20. exd4 Bxd4 21. bxa6 Rc8 22. a7 b5 23. Qxb5 Bxa7 24. Qb7 Qc5 25. Qxc8+ Qxc8 26. Ne7+ Kg7 27. Nxc8 Bd4 28. Ne2 Be5 29. f4 Bf6 30. h4 h5 31. Kf2 Bd4+ 32. Nxd4 1-0


[Site "https://www.chess.com"]

[Event "Titled Tuesday Blitz February 14 Early 2023"]
[White "Makhmudov, Shukhrat"]
[Black "Vargas, Mauricio"]
[WhiteFideId "14200775"]
[BlackFideId "4404572"]
[WhiteElo "2115"]
[BlackElo "2035"]
[Result "1-0"]
[Round "07"]
[TimeControl "180+2"]
[Date "2023.02.15"]
[WhiteClock "0:02:30"]
[BlackClock "0:00:03"]

1. e4 d5 2. exd5 Qxd5 3. Nc3 Qa5 4. b4 c6 5. Rb1 Qc7 6. b5 Nf6 7. bxc6 Nxc6 8. Nb5 Qe5+ 9. Be2 a6 10. Nf3 Qb8 11. Nbd4 e5 12. Nxc6 Qd6 13. Ncxe5 Bf5 14. Rxb7 Rc8 15. c3 1-0


[Site "https://www.chess.com"]

[Event "Titled Tuesday Blitz February 14 Early 2023"]
[White "Rosh Jain"]
[Black "Floresvillar Gonzalez, Luis Migu"]
[WhiteFideId "25789465"]
[BlackFideId "5100542"]
[WhiteElo "2248"]
[BlackElo "2043"]
[Result "1-0"]
[Round "07"]
[TimeControl "180+2"]
[Date "2023.02.15"]
[WhiteClock "0:01:31"]
[BlackClock "0:01:14"]

1. e4 e5 2. Nf3 Nc6 3. Bb5 a6 4. Ba4 Nf6 5. O-O Bc5 6. Re1 b5 7. Bb3 d6 8. c3 O-O 9. h3 Be6 10. Bc2 Ne7 11. a3 Bb6 12. d4 exd4 13. cxd4 c5 14. d5 Bc8 15. Bg5 Ng6 16. Nc3 h6 17. Be3 c4 18. Bxb6 Qxb6 19. e5 Nxe5 20. Nxe5 dxe5 21. Rxe5 Bb7 22. Qd2 Rad8 23. Rae1 Qd6 24. Bb1 Rfe8 25. Rxe8+ Rxe8 26. Rxe8+ Nxe8 27. Be4 Nf6 28. Bf3 g6 29. Qd4 h5 30. Qa7 Qd7 31. Qb8+ Kg7 32. Qe5 Kf8 33. Qxf6 a5 34. d6 Bxf3 35. Qh8# 1-0


[Site "https://www.chess.com"]

[Event "Titled Tuesday Blitz February 14 Early 2023"]
[White "Ciuffoletti, Paolo"]
[Black "Yonal, Timur"]
[WhiteFideId "807630"]
[BlackFideId "44115725"]
[WhiteElo "2106"]
[BlackElo "2039"]
[Result "1-0"]
[Round "07"]
[TimeControl "180+2"]
[Date "2023.02.15"]
[WhiteClock "0:01:01"]
[BlackClock "0:02:23"]

1. e4 c5 2. d4 cxd4 3. c3 dxc3 4. Nxc3 e6 5. Nf3 a6 6. Bc4 Qc7 7. Qe2 Ne7 8. O-O Ng6 9. Bb3 Be7 10. Be3 O-O 11. Rac1 Nc6 12. Nd4 Bf6 13. Qd2 b5 14. Nd5 exd5 15. exd5 Bb7 16. Nf5 Qe5 17. dxc6 Bxc6 18. Rc5 Qe4 19. f3 Qe8 20. Bd4 Bxd4+ 21. Qxd4 Qe2 22. Qxg7# 1-0


[Site "https://www.chess.com"]

[Event "Titled Tuesday Blitz February 14 Early 2023"]
[White "ritanovikova"]
[Black "Osuna Vega, Enrique"]
[BlackFideId "2219549"]
[WhiteElo "2179"]
[BlackElo "2061"]
[Result "1-0"]
[Round "07"]
[TimeControl "180+2"]
[Date "2023.02.15"]
[WhiteClock "0:00:04"]
[BlackClock "0:00:01"]

1. e3 e5 2. d4 exd4 3. exd4 Nf6 4. Nf3 d5 5. Be2 Bf5 6. O-O Be7 7. c3 c6 8. h3 O-O 9. Bd3 Bxd3 10. Qxd3 Nbd7 11. Bg5 Re8 12. Nbd2 Ne4 13. Bxe7 Qxe7 14. Rfe1 Ndf6 15. Ne5 Qd6 16. f3 Nxd2 17. Qxd2 Nd7 18. Qf4 f6 19. Nd3 Qxf4 20. Nxf4 Kf7 21. Kf2 Nb6 22. b3 Rad8 23. Nd3 Nd7 24. a4 Rxe1 25. Rxe1 Re8 26. Ra1 Nf8 27. a5 Ne6 28. a6 b6 29. Nb4 Rc8 30. g3 Ke7 31. f4 Kd6 32. h4 g6 33. Nd3 Nc7 34. b4 Nb5 35. Rc1 Re8 36. f5 Nc7 37. fxg6 hxg6 38. Nf4 g5 39. Nd3 Nxa6 40. Ra1 Nc7 41. Rxa7 gxh4 42. gxh4 Re4 43. h5 Rh4 44. b5 Rxh5 45. bxc6 Kxc6 46. Nb4+ Kd6 47. Rb7 Rf5+ 48. Ke3 Kd7 49. Rxb6 Rf1 50. Ke2 Rc1 51. Kd2 Rf1 52. Nd3 Ne6 53. Rb7+ Kd6 54. Rb6+ Ke7 55. Nb4 Rf2+ 56. Ke3 Rf5 57. Ra6 Rh5 58. Ra5 Rh3+ 59. Kd2 Rh2+ 60. Kc1 Rh1+ 61. Kb2 Rh2+ 62. Kb3 Nf4 63. Nxd5+ Nxd5 64. Rxd5 Ke6 65. Ra5 Rh1 66. Kc4 Rb1 67. Ra6+ Kf7 68. d5 Rb8 69. Kd4 Ke7 70. c4 Rb1 71. c5 Rd1+ 72. Kc4 Rc1+ 73. Kb5 Rb1+ 74. Kc6 Rc1 75. Ra7+ Ke8 76. d6 Rd1 77. d7+ Ke7 78. Rb7 f5 79. Rc7 f4 80. Kb7 f3 81. c6 f2 82. Rc8 f1=Q 83. Re8+ Kf7 84. d8=Q Rxd8 85. Rxd8 Qb5+ 86. Kc7 Qa5+ 87. Kc8 Qa8+ 88. Kd7 Qa7+ 89. c7 Qd4+ 90. Kc8 Ke7 91. Rxd4 1-0


[Site "https://www.chess.com"]

[Event "Titled Tuesday Blitz February 14 Early 2023"]
[White "Jesusesmifuerza"]
[Black "Thorsteinsdottir, Hallgerdur"]
[BlackFideId "2302454"]
[WhiteElo "2006"]
[BlackElo "1978"]
[Result "1/2-1/2"]
[Round "07"]
[TimeControl "180+2"]
[Date "2023.02.15"]
[WhiteClock "0:00:05"]
[BlackClock "0:00:06"]

1. d4 Nf6 2. Nc3 d5 3. Bf4 c6 4. f3 g6 5. Qd2 h5 6. e4 dxe4 7. fxe4 Nbd7 8. Nf3 Nb6 9. Bd3 Be6 10. Qe2 Bg4 11. Be5 Nbd7 12. h3 Bxf3 13. Qxf3 Nxe5 14. dxe5 Nd7 15. e6 fxe6 16. Qg3 Nf6 17. Qxg6+ Kd7 18. O-O-O Qa5 19. Bc4+ Kc7 20. Bxe6 Bh6+ 21. Kb1 Rad8 22. Qg3+ Kb6 23. Qf2+ Ka6 24. Bc4+ b5 25. Bb3 Qb6 26. Qxb6+ Kxb6 27. e5 Nh7 28. Rxd8 Rxd8 29. Rd1 Rxd1+ 30. Nxd1 Ng5 31. Nf2 Bg7 32. Nd3 c5 33. Bd5 c4 34. Nb4 Bxe5 35. Bf3 Nxf3 36. gxf3 Kc5 37. c3 a5 38. Nc2 Bf4 39. Ne1 Kd5 40. Kc2 Ke5 41. Ng2 Bg3 42. b3 cxb3+ 43. Kxb3 Kd5 44. a4 bxa4+ 45. Kxa4 Bc7 46. Kb3 Kc5 47. Ne3 Kb5 48. c4+ Kc5 49. Ka4 Kd4 50. Nf5+ Kxc4 51. Nxe7 Kd3 52. Nd5 Bd8 53. Nf4+ Ke3 54. Nxh5 Kxf3 55. Ng7 Kg3 56. Ne6 Bb6 57. Nf8 Kxh3 58. Nd7 Bd8 59. Nc5 Kg4 60. Nb3 Kf5 61. Nxa5 1/2-1/2


[Site "https://www.chess.com"]

[Event "Titled Tuesday Blitz February 14 Early 2023"]
[White "Pein, Jonathan"]
[Black "Balog, Imre"]
[WhiteFideId "417092"]
[BlackFideId "728446"]
[WhiteElo "2265"]
[BlackElo "2615"]
[Result "1-0"]
[Round "07"]
[TimeControl "180+2"]
[Date "2023.02.15"]
[WhiteClock "0:01:14"]
[BlackClock "0:00:01"]

1. b3 Nf6 2. Bb2 g6 3. Bxf6 exf6 4. c4 Bg7 5. Nc3 f5 6. g3 O-O 7. e3 c6 8. Bg2 Na6 9. Nge2 Nc7 10. d4 d5 11. cxd5 Nxd5 12. Nxd5 cxd5 13. O-O Be6 14. Nf4 Rc8 15. Qf3 g5 16. Nh5 Qd6 17. Nxg7 Kxg7 18. Rac1 g4 19. Qe2 a6 20. Qd2 h5 21. b4 h4 22. a3 h3 23. Bh1 f6 24. Qd3 Rxc1 25. Rxc1 Rc8 26. Rc5 b6 27. Rc3 Rxc3 28. Qxc3 Bd7 29. Qb3 Qc6 30. Qb2 Qc4 31. f3 Bb5 32. Qb1 Qe2 33. Qc1 gxf3 34. Qc7+ Kg6 35. Bxf3 1-0


[Site "https://www.chess.com"]

[Event "Titled Tuesday Blitz February 14 Early 2023"]
[White "Burdalev, Kirill"]
[Black "Ghosh, Chanchal Kumer"]
[WhiteFideId "14121913"]
[BlackFideId "10201858"]
[WhiteElo "2368"]
[BlackElo "2020"]
[Result "0-1"]
[Round "07"]
[TimeControl "180+2"]
[Date "2023.02.15"]
[WhiteClock "0:00:01"]
[BlackClock "0:00:03"]

1. d4 d5 2. c4 e6 3. g3 Nf6 4. Bg2 b6 5. cxd5 exd5 6. Nf3 Bb7 7. Nc3 h6 8. O-O Nbd7 9. Ne5 Bd6 10. Bf4 O-O 11. Qa4 a6 12. Nxd7 Nxd7 13. Bxd6 cxd6 14. Nxd5 b5 15. Qb3 Nb6 16. Nxb6 Qxb6 17. Bxb7 Qxb7 18. Rac1 Rfe8 19. e3 h5 20. h4 g5 21. hxg5 Qf3 22. g6 Re7 23. gxf7+ Rxf7 24. Rc7 Rf8 25. Qe6 Kg7 26. Rxf7+ Rxf7 27. Qxd6 h4 28. Qe5+ Kh7 29. Kh2 Rf5 30. Qc7+ Kg6 0-1


[Site "https://www.chess.com"]

[Event "Titled Tuesday Blitz February 14 Early 2023"]
[White "Tsotsonava, Elene"]
[Black "Hertlein, Irena"]
[WhiteFideId "13615939"]
[BlackFideId "21817618"]
[WhiteElo "2053"]
[BlackElo "1994"]
[Result "0-1"]
[Round "07"]
[TimeControl "180+2"]
[Date "2023.02.15"]
[WhiteClock "0:00:27"]
[BlackClock "0:00:54"]

1. e4 c5 2. Nf3 e6 3. d4 cxd4 4. Nxd4 a6 5. Bd3 Bc5 6. Nb3 Ba7 7. O-O Nc6 8. c4 Nge7 9. Qe2 O-O 10. Be3 d5 11. cxd5 exd5 12. Bxa7 Rxa7 13. exd5 Nxd5 14. Qh5 Nf6 15. Qf3 Ne5 16. Qe3 Ra8 17. Be2 Re8 18. Nc3 b5 19. Rad1 Qc7 20. Rc1 Nc4 21. Qg5 Bb7 22. Qc5 Qf4 23. Bxc4 bxc4 24. Na5 Rac8 25. Qb4 Ba8 26. b3 Ng4 27. g3 Qf3 28. Nb7 Bxb7 0-1


[Site "https://www.chess.com"]

[Event "Titled Tuesday Blitz February 14 Early 2023"]
[White "Simonovic, Miroslav"]
[Black "Hernandez Bonilla, Amelia"]
[WhiteFideId "919152"]
[BlackFideId "3900193"]
[WhiteElo "2082"]
[BlackElo "1960"]
[Result "1-0"]
[Round "07"]
[TimeControl "180+2"]
[Date "2023.02.15"]
[WhiteClock "0:01:19"]
[BlackClock "0:01:03"]

1. d4 Nf6 2. Bg5 d5 3. Bxf6 exf6 4. e3 Bd6 5. a3 O-O 6. c4 dxc4 7. Bxc4 Nd7 8. Nc3 f5 9. g3 Nf6 10. Be2 c5 11. dxc5 Bxc5 12. b4 Be7 13. Bf3 a5 14. b5 a4 15. Nge2 Qa5 16. O-O Be6 17. Bxb7 Rab8 18. Bc6 Rfd8 19. Qxa4 Qxa4 20. Nxa4 Bc4 21. Nd4 Bxf1 22. Rxf1 Bxa3 23. Nxf5 g6 24. Nd4 Be7 25. Nb2 Nd5 26. Nc4 Nb6 27. Nxb6 Rxb6 28. Kg2 Bf6 29. Nb3 Kf8 30. Nc5 Ke7 31. Rc1 Bb2 32. Rc2 Ba3 33. Na4 Rbb8 34. Nc3 Bb4 35. Nd5+ Kd6 36. Nxb4 1-0


[Site "https://www.chess.com"]

[Event "Titled Tuesday Blitz February 14 Early 2023"]
[White "Vokhidov, Shamsiddin"]
[Black "Nakamura, Hikaru"]
[WhiteFideId "14204223"]
[BlackFideId "2016192"]
[WhiteElo "2586"]
[BlackElo "2775"]
[Result "0-1"]
[Round "08"]
[TimeControl "180+2"]
[Date "2023.02.14"]
[WhiteClock "0:00:04"]
[BlackClock "0:00:05"]

1. e4 e5 2. Nf3 Nc6 3. Bb5 Nf6 4. O-O Nxe4 5. d4 Nd6 6. dxe5 Nxb5 7. a4 Nbd4 8. Nxd4 d5 9. exd6 Nxd4 10. Qxd4 Qxd6 11. Qe4+ Qe6 12. Qd4 Qd6 13. Qe4+ Qe6 14. Qd4 f6 15. Nc3 c6 16. Bf4 Kf7 17. Rad1 Qf5 18. Rfe1 Be6 19. Bd6 Rd8 20. Ne4 Bd5 21. Ng3 Qxc2 22. Bxf8 Rhxf8 23. Qxa7 Rd7 24. h3 Rfd8 25. Rc1 Qb3 26. a5 Qb5 27. Ne2 Qxb2 28. Nf4 Qd2 29. Nxd5 Qxd5 30. a6 bxa6 31. Qxa6 c5 32. Qb5 Rc7 33. Rc3 c4 34. Qb2 Kg8 35. Rec1 Rdc8 36. Qa2 Qf7 37. Qe2 h5 38. h4 Rc5 39. Qf3 Kh7 40. Qe4+ Qg6 41. Qf3 Qg4 42. Qxg4 hxg4 43. Kh2 Kg6 44. Kg3 f5 45. Kf4 Kf6 46. Ra1 R8c6 47. Ra8 Re6 48. f3 gxf3 49. gxf3 g6 50. Ra4 Rec6 51. Ra8 Rd6 52. Rf8+ Kg7 53. Ra8 Rd4+ 54. Kg5 f4+ 55. Kg4 Rc6 56. Ra7+ Kf6 57. Ra5 Ke6 58. Ra4 Kd5 59. Kg5 Rd3 60. Raxc4 Rxc3 61. Rxf4 R3c4 62. Rf8 Kd4 63. f4 Ke3 64. Kg4 Re6 65. Kg5 Rc5+ 66. Kh6 g5+ 67. Kh5 gxf4+ 68. Kg4 Rg6+ 0-1


[Site "https://www.chess.com"]

[Event "Titled Tuesday Blitz February 14 Early 2023"]
[White "Livaic, Leon"]
[Black "Nihal Sarin"]
[WhiteFideId "14531534"]
[BlackFideId "25092340"]
[WhiteElo "2579"]
[BlackElo "2673"]
[Result "0-1"]
[Round "08"]
[TimeControl "180+2"]
[Date "2023.02.14"]
[WhiteClock "0:00:31"]
[BlackClock "0:00:52"]

1. e4 c5 2. Nf3 Nc6 3. Bc4 e6 4. O-O Nf6 5. Re1 d6 6. c3 Be7 7. Bf1 e5 8. h3 g5 9. d4 cxd4 10. Bxg5 Rg8 11. Kh1 Nxe4 12. Bxe7 Nxf2+ 13. Kg1 Nxh3+ 14. Kh2 Qxe7 15. gxh3 Qf6 16. cxd4 Qf4+ 17. Kh1 Rg3 18. Nh2 Qf2 0-1


[Site "https://www.chess.com"]

[Event "Titled Tuesday Blitz February 14 Early 2023"]
[White "Indjic, Aleksandar"]
[Black "Bok, Benjamin"]
[WhiteFideId "911925"]
[BlackFideId "1017063"]
[WhiteElo "2618"]
[BlackElo "2607"]
[Result "1-0"]
[Round "08"]
[TimeControl "180+2"]
[Date "2023.02.14"]
[WhiteClock "0:01:01"]
[BlackClock "0:00:03"]

1. d4 Nf6 2. c4 e6 3. Nc3 Bb4 4. Qc2 d5 5. a3 Bxc3+ 6. Qxc3 O-O 7. Nf3 b6 8. Bg5 dxc4 9. Qxc4 Ba6 10. Qc1 Nbd7 11. Ne5 c5 12. Nxd7 Qxd7 13. dxc5 Rac8 14. Qd2 Rxc5 15. Qxd7 Nxd7 16. Be7 Rc2 17. Bxf8 Kxf8 18. Rb1 Bc4 19. e3 Ne5 20. Bxc4 Nxc4 21. O-O Nxb2 22. Rfc1 Rd2 23. Rc8+ Ke7 24. Rc7+ Kf6 25. Rxa7 Kg6 26. h3 Nc4 27. Rc1 Ne5 28. f4 Nd3 29. Rd7 Nxc1 30. Rxd2 Nb3 31. Rb2 Na5 32. Rxb6 Nc4 33. Rb3 1-0


[Site "https://www.chess.com"]

[Event "Titled Tuesday Blitz February 14 Early 2023"]
[White "Bacrot, Etienne"]
[Black "Sanal, Vahap"]
[WhiteFideId "605506"]
[BlackFideId "6300545"]
[WhiteElo "2667"]
[BlackElo "2600"]
[Result "0-1"]
[Round "08"]
[TimeControl "180+2"]
[Date "2023.02.14"]
[WhiteClock "0:00:32"]
[BlackClock "0:00:09"]

1. e4 e5 2. Nf3 Nc6 3. Bb5 Nf6 4. O-O Nxe4 5. d4 Nd6 6. Bxc6 dxc6 7. dxe5 Nf5 8. Qxd8+ Kxd8 9. h3 Bd7 10. Nc3 h6 11. Bf4 Kc8 12. Rad1 b6 13. g4 Ne7 14. Bg3 Be6 15. Nd4 Bc4 16. Rfe1 c5 17. Nde2 g5 18. f4 gxf4 19. Nxf4 Nc6 20. b3 Be6 21. Nxe6 fxe6 22. Ne2 Kb7 23. Kg2 Nb4 24. Rd2 Be7 25. c3 Nd5 26. c4 Nb4 27. h4 Rhg8 28. Kh3 Nc6 29. Rf1 Rg7 30. Bf4 Rag8 31. Rg1 Rf7 32. Rg2 a5 33. Rd1 a4 34. Bxh6 Nxe5 35. g5 axb3 36. axb3 Rf3+ 37. Rg3 Rf2 38. Nc3 Nf7 39. Rd7 Re8 40. Bg7 Kc6 0-1


[Site "https://www.chess.com"]

[Event "Titled Tuesday Blitz February 14 Early 2023"]
[White "Chigaev, Maksim"]
[Black "Madaminov, Mukhiddin"]
[WhiteFideId "4108116"]
[BlackFideId "14210703"]
[WhiteElo "2628"]
[BlackElo "2422"]
[Result "1-0"]
[Round "08"]
[TimeControl "180+2"]
[Date "2023.02.14"]
[WhiteClock "0:01:59"]
[BlackClock "0:02:10"]

1. e4 e5 2. Bc4 Nf6 3. d3 Nc6 4. Nf3 d5 5. exd5 Nxd5 6. O-O Be7 7. Re1 f6 8. a4 Nb6 9. Bb3 a5 10. h3 Qd6 11. Nc3 Be6 12. Nb5 Bxb3 13. Nxd6+ Bxd6 14. cxb3 O-O 15. d4 Rad8 16. dxe5 Bb4 17. Bd2 Nxe5 18. Bxb4 Rxd1 19. Raxd1 Nxf3+ 20. gxf3 axb4 21. Re7 Rc8 22. a5 Kf8 23. Re4 Na8 24. Rd7 Re8 25. Rxe8+ Kxe8 26. Rxg7 h5 1-0


[Site "https://www.chess.com"]

[Event "Titled Tuesday Blitz February 14 Early 2023"]
[White "Zhigalko, Sergei"]
[Black "Ter-Sahakyan, Samvel"]
[WhiteFideId "13502956"]
[BlackFideId "13302531"]
[WhiteElo "2572"]
[BlackElo "2617"]
[Result "0-1"]
[Round "08"]
[TimeControl "180+2"]
[Date "2023.02.14"]
[WhiteClock "0:00:01"]
[BlackClock "0:00:06"]

1. e4 c5 2. Nf3 e6 3. c3 d5 4. e5 d4 5. Bd3 Ne7 6. O-O Ng6 7. Re1 Nc6 8. g3 f6 9. exf6 Qxf6 10. Be4 Bd6 11. d3 O-O 12. Na3 Nce5 13. Kg2 Nxf3 14. Qxf3 Nh4+ 15. gxh4 Qxh4 16. Qg3 Bxg3 17. hxg3 Qf6 18. f3 dxc3 19. Nc4 Bd7 20. bxc3 Bc6 21. Bxc6 bxc6 22. Ne5 Rad8 23. Ba3 Rxd3 24. Nxd3 Qxf3+ 25. Kh2 Qxd3 26. Bxc5 Qc2+ 27. Kh1 Qxc3 28. Bxf8 Kxf8 29. Kg2 Ke7 30. Rac1 Qb2+ 31. Kg1 c5 32. Rc4 Qb5 33. Rce4 Qc6 34. Re5 Qd6 35. R5e3 a5 36. Kg2 a4 37. a3 Qd5+ 38. Rf3 g5 39. Kf2 g4 40. Rfe3 c4 41. R1e2 h5 42. Rb2 Qd4 43. Rc2 e5 0-1


[Site "https://www.chess.com"]

[Event "Titled Tuesday Blitz February 14 Early 2023"]
[White "Andreikin, Dmitry"]
[Black "Dardha, Daniel"]
[WhiteFideId "4158814"]
[BlackFideId "240990"]
[WhiteElo "2729"]
[BlackElo "2631"]
[Result "1-0"]
[Round "08"]
[TimeControl "180+2"]
[Date "2023.02.14"]
[WhiteClock "0:00:13"]
[BlackClock "0:00:01"]

1. d4 Nf6 2. c4 e6 3. Nf3 d5 4. e3 a6 5. b3 c5 6. Bb2 cxd4 7. exd4 Nc6 8. Nbd2 Be7 9. Bd3 O-O 10. Rc1 b6 11. O-O Bb7 12. Qe2 Re8 13. Rfd1 Bf8 14. a3 g6 15. Ne5 dxc4 16. Ndxc4 Rc8 17. Nxc6 Rxc6 18. a4 Nd5 19. Be4 Rc8 20. g3 Rc7 21. Ne5 Rxc1 22. Rxc1 Re7 23. Ba3 Rc7 24. Rxc7 Qxc7 25. Bxf8 Kxf8 26. Qd2 Kg7 27. Ng4 Qe7 28. h4 h5 29. Qh6+ Kg8 30. Ne5 Qf6 31. Nd7 Qe7 32. Ne5 Qf6 33. Qc1 Qe7 34. Qd2 Kg7 35. Nc4 b5 36. Ne5 bxa4 37. bxa4 Nf6 38. Bxb7 Qxb7 39. Qc2 Nd5 40. Kh2 Qc7 41. Qe2 Qb7 42. Qf3 1-0


[Site "https://www.chess.com"]

[Event "Titled Tuesday Blitz February 14 Early 2023"]
[White "Le, Tuan Minh"]
[Black "Samunenkov, Ihor"]
[WhiteFideId "12401153"]
[BlackFideId "14187086"]
[WhiteElo "2542"]
[BlackElo "2501"]
[Result "1-0"]
[Round "08"]
[TimeControl "180+2"]
[Date "2023.02.14"]
[WhiteClock "0:00:07"]
[BlackClock "0:00:02"]

1. d4 Nf6 2. Nf3 e6 3. Bf4 d5 4. e3 Bd6 5. Bg3 O-O 6. c3 c5 7. Nbd2 Qc7 8. Ne5 Nbd7 9. f4 b6 10. Bd3 Bb7 11. Qb1 g6 12. O-O Nh5 13. Bh4 f5 14. Qd1 Nxe5 15. fxe5 Be7 16. Bxe7 Qxe7 17. Nf3 f4 18. Qd2 fxe3 19. Qxe3 Nf4 20. Bc2 Ba6 21. Rf2 Rf7 22. a4 Raf8 23. a5 Bb5 24. axb6 axb6 25. b3 cxd4 26. cxd4 g5 27. h3 h5 28. Kh1 g4 29. Nh2 Qh4 30. g3 Qxh3 31. Re1 h4 32. Rg1 Nh5 33. Qg5+ Ng7 34. Rxf7 Rxf7 35. Qxg4 Qxg4 36. Nxg4 hxg3 37. Nh6+ Kf8 38. Nxf7 Kxf7 39. Rxg3 Kf8 40. Kg2 Be8 41. Bg6 Bxg6 42. Rxg6 Kf7 43. Rf6+ Ke7 44. Kf3 Ne8 45. Rh6 Nc7 46. Rh7+ Kd8 47. Ke3 Kc8 48. Kd3 Kd8 49. Ke3 Kc8 50. Rh4 Kd7 51. Kf4 Ke7 52. Kg5 Ne8 53. Rh7+ Kf8 54. Kg6 Kg8 55. Re7 Kf8 56. Rxe6 1-0


[Site "https://www.chess.com"]

[Event "Titled Tuesday Blitz February 14 Early 2023"]
[White "Pranav, V"]
[Black "Predke, Alexandr"]
[WhiteFideId "25060783"]
[BlackFideId "24107581"]
[WhiteElo "2597"]
[BlackElo "2685"]
[Result "1-0"]
[Round "08"]
[TimeControl "180+2"]
[Date "2023.02.14"]
[WhiteClock "0:00:10"]
[BlackClock "0:00:08"]

1. e4 c5 2. Nf3 e6 3. d4 cxd4 4. Nxd4 a6 5. Nc3 b5 6. Bd3 Bb7 7. O-O Nc6 8. Nxc6 Bxc6 9. Re1 Ne7 10. a4 b4 11. Ne2 Ng6 12. Nd4 Bb7 13. Nb3 Be7 14. f4 O-O 15. Be3 Qc7 16. Qd2 a5 17. Qf2 Ba6 18. Nd4 Bxd3 19. cxd3 Rac8 20. g3 Qb7 21. Nb5 f5 22. Qg2 fxe4 23. dxe4 Bc5 24. Bxc5 Rxc5 25. Rad1 b3 26. Rd2 Qb6 27. Kh1 Qc6 28. e5 Qc8 29. Red1 Rc1 30. Nc3 Rxd1+ 31. Rxd1 Ne7 32. Qe4 Nf5 33. Rd3 Qc5 34. Kg2 h5 35. h3 Rc8 36. g4 hxg4 37. hxg4 Nh6 38. Qf3 Rf8 39. Rxd7 Qc4 40. Qb7 Nf7 41. Qe4 Qc5 42. Rd4 Nh6 43. Kg3 Qe7 44. Qd3 Qf7 45. Ne2 Kh8 46. Rd7 Qg8 47. Qg6 Rf7 48. Rxf7 Qxf7 49. Qxf7 Nxf7 50. Nd4 Nd8 51. Nxb3 Nc6 52. Nc5 Nd4 53. Kf2 g5 54. fxg5 Kg7 55. Ke3 Nc6 56. Nxe6+ Kg6 57. Ke4 Ne7 58. b3 Nc6 59. Nd4 Ne7 60. e6 Kxg5 61. Ke5 Kxg4 62. Kd6 Ng6 63. e7 Nxe7 64. Kxe7 Kf4 65. Kd6 Ke4 66. Kc5 Kd3 67. Nc6 Kc3 68. Nxa5 1-0


[Site "https://www.chess.com"]

[Event "Titled Tuesday Blitz February 14 Early 2023"]
[White "Gharibyan, Mamikon"]
[Black "Hakobyan, Aram"]
[WhiteFideId "13308300"]
[BlackFideId "13306677"]
[WhiteElo "2500"]
[BlackElo "2608"]
[Result "1-0"]
[Round "08"]
[TimeControl "180+2"]
[Date "2023.02.14"]
[WhiteClock "0:00:52"]
[BlackClock "0:01:24"]

1. Nf3 g6 2. g3 c5 3. c4 Bg7 4. Bg2 Nc6 5. Nc3 d6 6. Rb1 Bf5 7. d3 Qd7 8. h3 Nf6 9. a3 Qc8 10. Bd2 O-O 11. b4 b6 12. Qc1 Rb8 13. Bh6 e5 14. g4 Be6 15. Qg5 Nd7 16. Bxg7 Kxg7 17. Nd2 h6 18. Qh4 Nf6 19. Nde4 Ne8 20. Qg3 Nd4 21. Rb2 f5 22. Nxd6 f4 23. Nxc8 f3 1-0


[Site "https://www.chess.com"]

[Event "Titled Tuesday Blitz February 14 Early 2023"]
[White "Kovalenko, Igor"]
[Black "Tsydypov, Zhamsaran"]
[WhiteFideId "14117908"]
[BlackFideId "4108566"]
[WhiteElo "2674"]
[BlackElo "2518"]
[Result "1-0"]
[Round "08"]
[TimeControl "180+2"]
[Date "2023.02.14"]
[WhiteClock "0:01:51"]
[BlackClock "0:01:38"]

1. c4 e6 2. Nc3 Nf6 3. d4 Bb4 4. Nf3 O-O 5. e3 d5 6. Bd2 dxc4 7. Bxc4 c5 8. a3 cxd4 9. axb4 dxc3 10. Bxc3 Qe7 11. O-O Nbd7 12. Qc2 Nb6 13. Be2 Nbd5 14. b5 b6 15. Bd4 Bb7 16. Ra4 Rfc8 17. Qb3 Nd7 18. Qa3 Qxa3 19. Rxa3 Nb4 20. Bc3 Nc2 21. Ra4 Nc5 22. Rg4 g6 23. Rc1 Be4 24. Ng5 Bf5 25. Rh4 Nb3 26. Rd1 e5 27. Bxe5 Rc5 28. Bf6 h5 29. g4 Be6 30. Nxe6 fxe6 31. gxh5 Kf7 32. Bc3 gxh5 33. Rd7+ Kg6 34. Bd3+ Kg5 35. Rg7+ 1-0


[Site "https://www.chess.com"]

[Event "Titled Tuesday Blitz February 14 Early 2023"]
[White "Makarian, Rudik"]
[Black "Lazavik, Denis"]
[WhiteFideId "44105681"]
[BlackFideId "13515110"]
[WhiteElo "2545"]
[BlackElo "2544"]
[Result "1-0"]
[Round "08"]
[TimeControl "180+2"]
[Date "2023.02.14"]
[WhiteClock "0:00:06"]
[BlackClock "0:00:03"]

1. Nf3 d5 2. g3 Nf6 3. Bg2 e6 4. O-O Be7 5. c4 O-O 6. Ne5 c5 7. d3 Qc7 8. f4 Rd8 9. Qe1 Nbd7 10. Nc3 d4 11. Nb5 Qb8 12. e4 Nxe5 13. fxe5 Nd7 14. Bf4 Nxe5 15. Qd2 a6 16. Na3 Bd6 17. Nc2 Qc7 18. a3 b6 19. b4 Bd7 20. Rab1 Ba4 21. Ne1 Rab8 22. Bxe5 Bxe5 23. Nf3 Bf6 24. Qe2 e5 25. g4 Bd7 26. g5 Be7 27. h4 b5 28. cxb5 cxb4 29. axb4 Rxb5 30. Rbc1 Qd6 31. Qf2 Be6 32. Qg3 Qxb4 33. Bh3 Qd6 34. h5 Bxh3 35. Qxh3 Rb3 36. Rfd1 g6 37. h6 Rbb8 38. Qg4 f6 39. gxf6 Bxf6 40. Rc4 Rf8 41. Rdc1 Rbe8 42. Rc6 Qd8 43. Rc7 Qd6 44. R1c6 Qa3 45. Qd7 Qe7 46. Qd5+ Kh8 47. Rxe7 Rxe7 48. Rxf6 1-0


[Site "https://www.chess.com"]

[Event "Titled Tuesday Blitz February 14 Early 2023"]
[White "Korobov, Anton"]
[Black "Murzin, Volodar"]
[WhiteFideId "14105730"]
[BlackFideId "44155573"]
[WhiteElo "2664"]
[BlackElo "2604"]
[Result "1/2-1/2"]
[Round "08"]
[TimeControl "180+2"]
[Date "2023.02.14"]
[WhiteClock "0:00:08"]
[BlackClock "0:00:05"]

1. c4 c6 2. d4 d5 3. cxd5 cxd5 4. Nc3 e6 5. Bf4 Bd6 6. e3 Bxf4 7. exf4 Ne7 8. Bd3 Nbc6 9. Nf3 f6 10. O-O O-O 11. Re1 Qd6 12. g3 Nf5 13. Bxf5 exf5 14. Qb3 Rd8 15. Re2 Be6 16. Nb5 Qd7 17. Nc7 Qxc7 18. Rxe6 Na5 19. Qd3 Nc4 20. Qxf5 Nxb2 21. Rae1 Qd7 22. Qh5 Qf7 23. Qxf7+ Kxf7 24. Re7+ Kf8 25. Rxb7 Nc4 26. Ree7 Nd6 27. Rxa7 Rdc8 28. Rxg7 Rxa7 29. Rxa7 Rc2 30. a4 Ne4 31. a5 Rxf2 32. a6 Ra2 33. Nh4 h5 34. Nf5 Nd2 35. Kg2 Ne4+ 36. Kh3 Kg8 37. Ng7 Kh7 38. Nxh5+ Kg6 39. g4 f5 40. Ng3 Nf2+ 41. Kh4 Nxg4 42. h3 Ne3 43. Nh5 Ng2+ 44. Kg3 Kxh5 45. Ra8 Ne3 46. a7 Nf1+ 47. Kf3 Nd2+ 48. Ke2 Nc4+ 49. Kd1 Nb6 50. Rb8 Rxa7 51. Rxb6 Ra4 52. Ke2 Rxd4 53. Kf3 Re4 54. Rf6 Rd4 55. Rxf5+ Kh4 56. Rf8 Rd3+ 57. Ke2 Rc3 58. Rh8+ Kg3 59. f5 Rc6 60. Ke3 Rf6 61. Rh5 d4+ 62. Kxd4 Kf4 63. h4 Rxf5 64. Rxf5+ Kxf5 65. h5 Kg5 66. h6 Kxh6 1/2-1/2


[Site "https://www.chess.com"]